[Event "Ramat Gan Masters-A Winter 2023"]
[Site "Ramat Gan/ISR"]
[Date "2023.02.20"]
[Round "5.3"]
[White "Gershkowich, David"]
[Black "Gurevich, Neria"]
[Result "1-0"]
[Annotator "TA"]
[ECO "B24"]
[WhiteElo "2188"]
[BlackElo "1543"]
[PlyCount "107"]
[EventDate "2023.01.17"]
[EventType "swiss"]
[SourceTitle "playchess.com"]
[Source "ChessBase"]
[SourceQuality "1"]
[TimeControl "5400+30"]

1. e4 c5 2. Nc3 Nc6 3. Nge2 e6 4. g3 Nf6 5. Bg2 Be7 6. d3 O-O {[%emt 0:00:45] B24: Closed Sicilian: 3 g3 sidelines.} 7. h3 d5 8. exd5 exd5 {[%emt 0:00:08] The position is equal.} 9. O-O Be6 (9... d4 $5 10. Ne4 Nxe4 11. dxe4 Re8 $11) 10. Nf4 Qd7 11. Re1 a6 {[%emt 0:01:08] [#]} (11... Bd6 $5 ) 12. a3 $146 (12. Na4 $5 Rab8 13. c4 $11) ({Predecessor:} 12. Kh2 Rac8 13. Bd2 b5 14. a4 b4 15. Nce2 Bf5 16. Ng1 c4 17. dxc4 dxc4 18. Nf3 {0-1 Tang,T-Glass,A Burnaby 2003 (2)}) 12... b5 13. Bd2 Rad8 14. Rb1 c4 15. Nce2 Bc5 16. Bc3 {[%emt 0:03:17] Bxf6 is the strong threat.} d4 17. Bd2 Nd5 (17... Qd6 $11) 18. Be4 ({White should play} 18. Nxe6 $14 fxe6 19. Nf4 Nxf4 20. Bxf4) 18... Nce7 19. Nxe6 fxe6 20. Bg5 (20. Nf4 $1 $14 Nxf4 21. Bxf4) 20... h6 (20... e5 $1 $15 21. g4 h6 22. Bxe7 Qxe7) 21. Bc1 (21. Bxe7 $11 Nxe7 22. Kg2) 21... e5 $36 {[%emt 0:02:38][%mdl 2048] Black has the initiative.} 22. Bg2 (22. g4 $15) 22... Rf6 ({Inferior is} 22... Qf5 23. Rf1 $15) 23. Rf1 Rdf8 24. g4 Ng6 25. Ng3 Bb6 26. g5 hxg5 27. Bxg5 R6f7 28. Qg4 Qxg4 29. hxg4 Ndf4 30. Ne4 ({Only move:} 30. Nf5 $1 $15) 30... Nxg2 (30... cxd3 $17 31. cxd3 Nxd3) 31. Kxg2 $15 Nf4+ ({Better is} 31... Bd8 $15) 32. Bxf4 $14 Rxf4 33. f3 Rc8 34. Rf2 Bd8 35. Kg3 Rc6 36. Rh1 Be7 37. Rh5 Bf6 (37... Re6 $1 $14) 38. Nxf6+ $1 $16 gxf6 {[%emt 0:00:17][%mdl 4096] Endgame KRR-KRR} (38... Rfxf6 $16 {was worth a try.} 39. Rxe5 cxd3 40. cxd3 Rc1) 39. Rfh2 $1 $18 cxd3 (39... Kf7 $142 40. Rh7+ Ke6) 40. cxd3 Rc1 {[%emt 0:00:13] ...Rd1 would be deadly.} 41. Rh8+ (41. Rh1 $18 Rc5 42. Rh8+ Kf7 43. R1h7+ Ke6 44. Rd8) 41... Kg7 $16 42. R2h7+ Kg6 {[%emt 0:00:13] [#]} 43. Rh1 {[%emt 0:02:56] Inhibits Rf1.} Rc2 (43... Rxh1 $16 44. Rxh1 f5) 44. R1h6+ $18 Kg7 45. R6h7+ Kg6 46. Ra7 {[%emt 0:01:37] White wants to mate with Rg8+.} Rd2 47. Rg8+ (47. Rxa6 $2 Rxd3 48. Rg8+ Kf7 $19) 47... Kh6 {[%emt 0:00:11] [#]} 48. Rgg7 $1 {[%emt 0:00:22] White mates.} f5 49. Rh7+ (49. Rxa6+ Kxg7 50. gxf5 Rxf5 51. Ra7+ Kg6 52. Ra6+ Rf6 $19) 49... Kg6 50. Rag7+ (50. Rxa6+ $2 {is the wrong capture.} Kxh7 51. gxf5 Rxd3 $19) 50... Kf6 51. g5+ Ke6 52. Rh6+ {[%emt 0:00:13][%mdl 64] Skewer} Kd5 53. Rd7+ Kc5 54. b4# {[%emt 0:09:52] Weighted Error Value: White=0.21 (precise) /Black=0.42} 1-0

[Event "Ramat Gan Masters-A Winter 2023"]
[Site "Ramat Gan/ISR"]
[Date "2023.02.20"]
[Round "5.4"]
[White "Aroeta, Benny"]
[Black "Rozen, Guy"]
[Result "1-0"]
[Annotator "TA"]
[ECO "B12"]
[WhiteElo "1978"]
[BlackElo "2027"]
[PlyCount "51"]
[EventDate "2023.01.17"]
[EventType "swiss"]
[SourceTitle "playchess.com"]
[Source "ChessBase"]
[SourceQuality "1"]
[TimeControl "5400+30"]

1. e4 c6 2. d4 d5 3. e5 Bf5 4. Nf3 e6 5. Be2 c5 6. Be3 Qb6 7. Nc3 Nc6 (7... Qxb2 8. Nb5 $16) 8. dxc5 {[%emt 0:14:52] B12: Caro-Kann: Advance Variation.} ({Better is} 8. O-O $14) 8... Bxc5 $11 ({Don't do} 8... Qxb2 9. Nb5 $16) 9. Bxc5 Qxc5 10. Nb5 {[%emt 0:00:48] The position is equal.} Kf8 ({Resist} 10... Bxc2 11. Qd2 Qb4 12. Nc7+ Kd7 13. Qxb4 (13. Nxa8 Nge7 $16) 13... Nxb4 14. Nxa8 $16) 11. c3 {[%emt 0:02:13] [#]} Bg4 $146 ({Predecessor:} 11... Nge7 12. O-O Be4 13. Ng5 Bf5 14. Nf3 Be4 {½-½ Vedmediuc,S (2464)-Molchanov,A (2425) Odessa Region-ch 2019 (2)}) 12. Nfd4 Bxe2 13. Qxe2 Nge7 14. O-O-O Nxd4 15. Nxd4 h5 16. f4 g6 17. Qf2 {[%emt 0:00:48][%cal Od4e6] [#] And now Nxe6+! would win.} Rc8 18. Qh4 Kg8 19. Kb1 b5 20. Qf6 Nf5 21. Nxf5 gxf5 22. Rd3 h4 {[%emt 0:01:33] [#] Dodges Rg3+} (22... Rh7 $11 {keeps the balance.}) 23. g4 $1 $36 {[%emt 0:01:24][%mdl 2048] Black is under strong pressure. White is much more active.} Qc4 $2 (23... fxg4 $16 24. f5 Qf2) 24. Rd4 $18 Qe2 25. gxf5 (25. Rg1 $142 fxg4 26. f5 exf5 27. Qxf5) 25... Qf3 26. Rg1+ {[%emt 0:00:30] Weighted Error Value: White=0.30/Black=0.62} 1-0

[Event "Ramat Gan Masters-A Winter 2023"]
[Site "Ramat Gan/ISR"]
[Date "2023.02.20"]
[Round "5.5"]
[White "Duchan, Yoav"]
[Black "Levitan, Ronit"]
[Result "0-1"]
[Annotator "TA"]
[ECO "C24"]
[WhiteElo "1945"]
[BlackElo "2064"]
[PlyCount "56"]
[EventDate "2023.01.17"]
[EventType "swiss"]
[SourceTitle "playchess.com"]
[Source "ChessBase"]
[SourceQuality "1"]
[TimeControl "5400+30"]

1. e4 e5 2. Bc4 Nf6 3. d4 exd4 4. Nf3 Nxe4 5. Qxd4 Nf6 6. Nc3 c6 7. Bg5 d5 8. O-O-O Be7 9. Rhe1 Be6 {[%emt 0:00:13] C24: Bishop's Opening: 2...Nf6.} 10. Qh4 (10. Bd3 $5) 10... h6 11. Bd3 Nfd7 {[%emt 0:01:34][%cal Re7g5,Bf6d7,Bd7c5,Bc5e6][%mdl 32] Black has an edge.} (11... hxg5 $2 12. Qxh8+ Kd7 13. Qxg7 $18) (11... Kd7 {is more complex.} 12. Bd2 Bd6 13. Nd4 g5) 12. Bxe7 Qxe7 13. Qg3 {[%emt 0:00:31][%cal Of3d4] [#] Nd4! is the strong threat.} O-O {[%emt 0:18:30] [#]} 14. Nd4 $146 ({White should play} 14. Ne2 $15) ({Predecessor:} 14. Ne2 Nc5 15. Nf4 Nxd3+ 16. Rxd3 Nd7 17. Nh5 g6 18. Nf4 Qf6 19. Rde3 Nc5 20. Nh5 Qe7 21. Nf4 Qf6 22. Nh5 {½-½ Filipchenko,V (2393)-Grigoryev,V (2495) Borzenko Memorial email 2015}) 14... Nc5 $17 15. Nxe6 ({White should try} 15. Nce2) 15... Nxe6 16. f4 Qf6 17. f5 (17. Rf1 $17 {was worth a try.}) 17... Nc5 $19 18. Kb1 Nbd7 19. Qf2 Rfe8 20. g4 Re5 21. Rg1 (21. Rxe5 $17 Qxe5 22. Re1) 21... Qg5 22. Rg3 Rae8 23. Rh1 Qh4 24. Qd2 (24. Rf1 $142) 24... Nf6 {[%emt 0:02:16][%cal Bd7f6,Bf6e4,Be4g3][%mdl 32] [#] ...d4 would be deadly.} 25. a3 $2 (25. Rgg1) 25... d4 {[%emt 0:00:37] Black is clearly winning.} 26. Nd1 Nce4 ({Worse is} 26... Nxg4 27. Rhg1 h5 28. h3 $11) 27. Bxe4 Nxe4 28. Qg2 Nxg3 {[%emt 0:00:13] Weighted Error Value: White=0.43/Black=0.08 (flawless)} 0-1

[Event "Ramat Gan Masters-A Winter 2023"]
[Site "Ramat Gan/ISR"]
[Date "2023.02.20"]
[Round "5.6"]
[White "Malachi, Avraham"]
[Black "Sherman, Reem"]
[Result "0-1"]
[Annotator "TA"]
[ECO "B77"]
[WhiteElo "1975"]
[BlackElo "2249"]
[PlyCount "78"]
[EventDate "2023.01.17"]
[EventType "swiss"]
[SourceTitle "playchess.com"]
[Source "ChessBase"]
[SourceQuality "1"]
[TimeControl "5400+30"]

1. e4 c5 2. Nf3 g6 3. d4 cxd4 4. Nxd4 Bg7 5. Nc3 Nc6 6. Be3 Nf6 7. Bc4 O-O 8. Bb3 d6 9. f3 Bd7 10. Qd2 Nxd4 11. Bxd4 b5 12. h4 a5 {[%emt 0:00:09] [#]} 13. h5 $1 {[%emt 0:03:07] B77: Sicilian Dragon: Yugoslav Attack, 9 Bc4 sidelines.} e5 (13... a4 14. Bd5) 14. hxg6 $1 exd4 15. Bxf7+ {[%emt 0:00:29] White is slightly better.} Kh8 16. Qxd4 (16. Nd5 $2 Rxf7 17. Qg5 (17. gxf7 $2 Nxd5 18. exd5 Qe7+ 19. Kf2 Qxf7 $19) 17... Be6 18. gxf7 Bxd5 19. exd5 Qe7+ 20. Kf1 Qxf7 $17) 16... Rxf7 17. gxf7 b4 18. Ne2 Be6 19. O-O-O Bxf7 {[%emt 0:23:46] [#]} (19... Nd5 $142 20. Qg1 Qg5+ 21. Kb1 Qf6) 20. Qxd6 $146 ({Predecessor:} 20. e5 Ne8 21. Qe4 h6 22. f4 Rc8 23. Rd2 Qc7 24. e6 Nf6 25. Qd4 Bg6 26. Qxd6 Qxd6 27. Rxd6 {0-1 Tekeyev,Y (2275)-Putintsev,V Nevinnomyssk-ch 2011 (10)}) 20... Qxd6 21. Rxd6 Ne8 22. Rd7 Bxa2 {[%emt 0:04:16] [#]} 23. Rhd1 $1 Bf6 24. Rh1 (24. b3 $16 {[%cal Oe4e5] Threatens to win with e5!} Rc8 25. Nd4 Bxd4 {[%mdl 64] Remove Defender} 26. R1xd4 Bxb3 27. Rd8 Rxd8 28. Rxd8) 24... Bc4 (24... Bg7 $1 $11) 25. Nf4 Kg8 26. Rdxh7 ({But not} 26. Rhxh7 Bg7 27. Rh5 Nf6 28. Rxg7+ Kxg7 29. Rg5+ Kf8 $14) (26. Rh5 $16) 26... a4 $1 $11 {[%emt 0:02:02] ...a3 is the strong threat.} 27. Kd2 $2 (27. Rb7 $11) 27... Bxb2 $19 28. Ng6 Bf7 {[%emt 0:02:32] A strong pair of Bishops.} 29. Nh8 Be6 (29... Nd6 $19 {is more deadly.} 30. R7h6 (30. Nxf7 $2 Nxf7 31. R7h5 a3 $19) 30... a3 31. Nxf7 Nxf7) 30. Ng6 $17 Bg7 ({Better is} 30... Bc3+ 31. Ke2 Bf7 32. Ne7+ Kf8 33. Rxf7+ Kxf7) 31. f4 $2 (31. Ne7+ $17 Kf7 32. Nc6) 31... Bf7 32. Ne7+ Kf8 {[%emt 0:00:09][%mdl 1024] Black has strong compensation.} 33. Nf5 {[%emt 0:00:25] [#]} (33. Rxg7 $142 Kxg7 34. Nf5+ Kf8 35. Rh8+ Bg8 36. Nh6) 33... Bc3+ $1 $19 34. Ke3 Nf6 (34... Bg6 $142 35. R7h6 Bxf5 36. exf5 a3) 35. Rh8+ Ng8 {[%emt 0:00:07][%cal Oa4a3] And now ...a3! would win.} 36. e5 $2 (36. R8h7 $17) 36... a3 {[%emt 0:01:04][%cal Ba4a3,Ba3a2][%mdl 32] Black is clearly winning.} 37. Nd6 a2 38. Nxf7 Kxf7 39. f5 Bxe5 {[%emt 0:00:31] Weighted Error Value: White=0.72/Black=0.32} ({Stronger than} 39... a1=B 40. R1h7+ Kf8 41. f6 $11) 0-1

[Event "Ramat Gan Masters-A Winter 2023"]
[Site "Ramat Gan/ISR"]
[Date "2023.02.20"]
[Round "5.7"]
[White "Kochavi, Dana"]
[Black "Sobel, Ido"]
[Result "1-0"]
[Annotator "TA"]
[ECO "B11"]
[WhiteElo "1956"]
[BlackElo "1871"]
[PlyCount "49"]
[EventDate "2023.01.17"]
[EventType "swiss"]
[SourceTitle "playchess.com"]
[Source "ChessBase"]
[SourceQuality "1"]
[TimeControl "5400+30"]

1. e4 c6 2. Nc3 d5 3. Nf3 Nf6 4. e5 Ne4 5. Ne2 Qb6 6. d4 $1 {[%emt 0:00:04] B11: Caro-Kann: Two Knights Variation.} e6 7. Ng3 c5 8. Bd3 {[%emt 0:00:07] White is slightly better.} Nxg3 $1 9. fxg3 Nc6 10. O-O {[%emt 0:00:09] Ng5 would be deadly.} h6 {[%emt 0:01:10] Prevents Ng5.} ({Black should play} 10... cxd4 11. Qd2 Bd7) 11. Nh4 {[%emt 0:12:27] [#] Strongly threatening Qh5.} Nd8 $146 {[%emt 0:36:57] [#]} (11... c4 $11 {keeps the balance.} 12. Bg6 fxg6 13. Nxg6 Qxd4+ 14. Qxd4 Nxd4 15. Nxh8 Nxc2) ({Predecessor:} 11... c4 12. Bg6 fxg6 13. Nxg6 Qxd4+ 14. Qxd4 Nxd4 15. Nxh8 Nxc2 16. Rb1 Bc5+ 17. Kh1 Bd7 {1-0 Aizenberg,B (2307)-Li,S (2190) Gran Canaria Online Blitz 2021 (2)}) 12. Qh5 $1 $16 {[%emt 0:12:29] White is more active.} Be7 (12... c4 $2 13. Bg6 (13. Be2 Qxd4+ 14. Kh1 Qe4 $17) 13... Qxd4+ 14. Kh1 fxg6 15. Nxg6 $18) 13. dxc5 Qxc5+ 14. Kh1 Bxh4 {[%emt 0:01:34] Black cannot hold the game after this.} (14... b6 $16 {keeps fighting.}) 15. gxh4 $18 ({Weaker is} 15. Qxh4 Bd7 $16) 15... Qc7 16. Bd2 {[%emt 0:06:32][%cal Bc1d2,Bd2b4,Bb4d6][%mdl 32] Bb4 is the strong threat. Black is weak on the dark squares} Bd7 $2 (16... Nc6 {was called for.} 17. Rae1 a5) 17. Bb4 {[%emt 0:00:51] White is clearly winning.} Bc6 18. Bd6 Qd7 19. Qg4 g6 20. Qf4 Bb5 {[%emt 0:03:41] [#]} 21. Bxg6 {[%emt 0:03:31][%mdl 576] Back Rank} Bxf1 (21... Rg8 22. Qxh6) 22. Rxf1 Qb5 23. Bd3 {[%emt 0:00:35] This pair of bishops is nice.} Qd7 24. Qf6 Rf8 25. Qg7 {[%emt 0:34:48] Weighted Error Value: White=0.40/Black=0.70} 1-0

[Event "Ramat Gan Masters-A Winter 2023"]
[Site "Ramat Gan/ISR"]
[Date "2023.02.20"]
[Round "5.8"]
[White "Neumann, Amit"]
[Black "Hasson Shreger, Shalev"]
[Result "0-1"]
[Annotator "NA RC COMBH"]
[ECO "A03"]
[WhiteElo "1615"]
[BlackElo "1823"]
[PlyCount "35"]
[EventDate "2023.01.17"]
[EventType "swiss"]
[SourceTitle "playchess.com"]
[Source "ChessBase"]
[SourceQuality "1"]
[TimeControl "5400+30"]

1. f4 d5 2. Nf3 Nf6 3. b3 c5 4. e3 e6 5. Bb2 Be7 6. Be2 O-O 7. O-O Nc6 8. Ne5 Nd7 9. Bd3 Ndxe5 10. fxe5 d4 11. exd4 cxd4 12. Qe2 g6 13. Be4 Bc5 14. d3 Nxe5 15. Bxb7 Bxb7 16. Qxe5 Rc8 17. Rf4 Bd6 18. Qxd4 0-1

[Event "Ramat Gan Masters-A Winter 2023"]
[Site "Ramat Gan/ISR"]
[Date "2023.02.20"]
[Round "5.9"]
[White "Meirovich, Ilay"]
[Black "Azoulay, Yehonatan"]
[Result "1/2-1/2"]
[Annotator "TA"]
[ECO "D79"]
[WhiteElo "1979"]
[BlackElo "1770"]
[PlyCount "62"]
[EventDate "2023.01.17"]
[EventType "swiss"]
[SourceTitle "playchess.com"]
[Source "ChessBase"]
[SourceQuality "1"]
[TimeControl "5400+30"]

1. d4 Nf6 2. g3 d5 3. Bg2 g6 4. c4 c6 5. Nf3 Bg7 6. O-O O-O 7. cxd5 cxd5 8. Nc3 Nc6 9. Bf4 Ne4 10. Rc1 Bf5 11. Ne5 {[%emt 0:01:16] D79: Fianchetto Grünfeld: Symmetrical Variation (6 0-0 c6 7 cxd5 cxd5).} Nxc3 12. bxc3 {[%emt 0:01:38] [#]} Rc8 $146 ({Predecessor:} 12... Na5 13. Qa4 Rc8 14. Rfd1 Re8 15. c4 f6 16. Bd2 fxe5 17. Bxa5 b6 18. Be1 exd4 19. cxd5 {1-0 Bindrich,F (2590)-Lorparizangeneh,S (2519) Moscow Aeroflot op-A 16th 2017 (4)}) 13. Qb3 e6 14. Nxc6 bxc6 15. Qa3 Qb6 16. Bd6 Rfe8 17. f3 {[%emt 0:00:13] [#] Strongly threatening e4.} e5 $1 18. e4 Bd7 19. Rb1 Qd8 20. dxe5 ({Don't play} 20. Qxa7 Ra8 21. Qc5 Ra5 $15) (20. Qc5 $14) 20... dxe4 {[%emt 0:04:39] [#]} (20... Bxe5 $11 21. Bxe5 Rxe5) 21. fxe4 {[%emt 0:00:19] White is more active.} (21. f4 $1 $16) 21... Bxe5 $11 22. Bxe5 (22. Rb7 $5 Bxd6 23. Qxd6 $11) 22... Rxe5 23. Qxa7 {[%emt 0:01:25] Black must now prevent Rfd1.} Be6 24. Qf2 (24. Bh3 {keeps more tension.} Ra8 25. Qb7 Bxa2 26. Rbd1) 24... Ra5 25. Rbd1 Qe7 26. Rd2 Rca8 27. Rb1 Bxa2 28. Re1 Be6 29. e5 Qc5 30. Qd4 Qxd4+ (30... Rb5 $15) 31. cxd4 Bd5 {[%emt 0:00:27] Weighted Error Value: White=0.18 (very precise) /Black=0.16 (very precise)} 1/2-1/2

[Event "Ramat Gan Masters-A Winter 2023"]
[Site "Ramat Gan/ISR"]
[Date "2023.02.20"]
[Round "5.10"]
[White "Medovoy, Yaniv"]
[Black "Lapushnian, Maya"]
[Result "0-1"]
[Annotator "NA RC COMBH"]
[ECO "B23"]
[WhiteElo "1842"]
[BlackElo "1707"]
[PlyCount "97"]
[EventDate "2023.01.17"]
[EventType "swiss"]
[SourceTitle "playchess.com"]
[Source "ChessBase"]
[SourceQuality "1"]
[TimeControl "5400+30"]

1. e4 c5 2. Nc3 Nc6 3. Bb5 Nd4 4. Bc4 a6 5. a4 e6 6. Nge2 Ne7 7. O-O g6 8. Nxd4 cxd4 9. Ne2 Bg7 10. d3 d5 11. Bb3 O-O 12. f4 dxe4 13. dxe4 Qb6 14. Qd3 Rd8 15. Kh1 Bd7 16. Ng3 Rac8 17. Bd2 Qc5 18. Qf3 Bc6 (18... b5 $5 19. Ba5 Re8 20. axb5 Bxb5 $11) 19. Qf2 Bd7 20. Qe1 Qc7 21. Rc1 Qb8 22. Bb4 Nc6 23. f5 Be5 (23... b5 $15 24. axb5 Nxb4 25. Qxb4 Bxb5) 24. f6 (24. fxg6 $11 hxg6 25. Bd2) 24... Nxb4 25. Qxb4 Bc6 26. Qd2 {[%emt 0:01:01] [#]} Qd6 $1 (26... Bxg3 $2 {gets mated.} 27. Qh6 Bxe4 28. Qg7#) 27. Nh5 Qf8 28. Qg5 Bb8 {[%emt 0:00:49] [#]} (28... Bd7 $11) 29. Bxe6 $1 Rc7 $18 {[%emt 0:00:46] [#]} (29... fxe6 $2 30. f7+ $18) (29... Qd6 $2 30. Nf4 Rd7 31. Bxd7 Bxd7 32. e5 $18) (29... Bd7 $16 {was worth a try.} 30. Bxd7 Rxd7) 30. Ng3 $2 Re8 ({Don't take} 30... fxe6 31. f7+ {[%mdl 64] Decoy} Rxf7 32. Rxf7 {[%mdl 64] Remove Defender} Kxf7 33. Rf1+ Kg8 34. Rxf8+ Rxf8 35. Qe7 $14) 31. Bd5 Bxa4 (31... Kh8 $1 $11 {remains equal.}) 32. Nf5 Bc6 (32... Rd7 $142) 33. Ne7+ ({Don't do} 33. Nxd4 $6 Bxd5 34. exd5 (34. Qxd5 $2 {is the wrong capture.} Rd8 $19) 34... Re4 $16) (33. Rce1 $18) 33... Kh8 (33... Rcxe7 $142 34. fxe7 Rxe7) 34. Bxc6 $2 (34. Nxg6+ $18 fxg6 35. f7 Rxf7 36. Rxf7) 34... bxc6 35. Rf3 Rb7 36. Rh3 Rb5 $1 37. Qh4 ({Wrong is} 37. Nxg6+ $2 fxg6 38. Qxg6 Rb7 $17) ({Better is} 37. Qd2 $11) 37... Rh5 38. Qg4 Rxh3 39. Qxh3 Bd6 $1 40. Nxc6 Rxe4 41. Rf1 Qe8 $1 42. Na5 Rf4 $2 (42... Re1 $19 {[%cal Re1f1] has better winning chances.} 43. Qf3 Rxf1+ 44. Qxf1 Qe5) 43. Rg1 (43. Rb1 $17) 43... Rxf6 44. Qd3 $2 (44. Nc4) 44... Qe5 45. Qg3 Qxa5 46. Qh4 Qe5 47. Qh3 Qe2 48. Qc8+ Kg7 49. Qc6 0-1

[Event "Ramat Gan Masters-A Winter 2023"]
[Site "Ramat Gan/ISR"]
[Date "2023.02.20"]
[Round "5.11"]
[White "Shapira, Avner"]
[Black "Goz, Shachar"]
[Result "0-1"]
[Annotator "NA RC COMBH"]
[ECO "B44"]
[WhiteElo "1814"]
[BlackElo "1623"]
[PlyCount "72"]
[EventDate "2023.01.17"]
[EventType "swiss"]
[SourceTitle "playchess.com"]
[Source "ChessBase"]
[SourceQuality "1"]
[TimeControl "5400+30"]

1. e4 c5 2. Nf3 e6 3. d4 cxd4 4. Nxd4 Nc6 5. Nb5 d6 6. c4 a6 7. N5c3 Nf6 8. Be2 Be7 9. O-O O-O 10. Be3 {[%emt 0:01:21] 10.Na3 is the fancy move.} Rb8 11. Na3 Qa5 12. Nc2 Rd8 {[%emt 0:03:18] [#]} 13. f4 $146 ({Predecessor:} 13. a3 Qc7 14. f4 Na5 15. Qd3 Nb3 16. Rad1 Nc5 17. Bxc5 Qxc5+ 18. Kh1 Qc7 19. Rd2 {0-1 Yakimenko,V (2092)-Maltsevskaya,A (2042) South FR-ch (Women) 2015 (4)}) 13... d5 14. e5 dxc4 15. Qc1 Nd5 16. Bxc4 Nxc3 17. bxc3 Qxc3 18. Be2 b5 19. Rf3 Bc5 20. Kh1 Bxe3 21. Rxe3 Qc5 22. Bd3 Bb7 23. Qf1 Nb4 24. Qe2 Nxd3 25. Rxd3 Rxd3 26. Qxd3 $19 Rc8 27. Rd1 Bxg2+ 28. Kxg2 Qxc2+ 29. Kf1 h6 $19 (29... Qxa2 $2 {is a self mate.} 30. Qd8+ {[%mdl 64] Back Rank} Rxd8 31. Rxd8#) 30. Qd7 Qc6 31. Qxc6 Rxc6 32. Rd2 Rc4 33. Rf2 Kh7 34. Kg2 Kg6 35. Kf3 Kf5 36. Ke3 Re4+ 0-1

[Event "Ramat Gan Masters-A Winter 2023"]
[Site "Ramat Gan/ISR"]
[Date "2023.02.27"]
[Round "6.1"]
[White "Karp, Ilya"]
[Black "Uritsky, Yonathan"]
[Result "1-0"]
[Annotator "TA"]
[ECO "B12"]
[WhiteElo "2392"]
[BlackElo "2047"]
[PlyCount "55"]
[EventDate "2023.01.17"]
[EventType "swiss"]
[SourceTitle "playchess.com"]
[Source "ChessBase"]
[SourceQuality "1"]
[TimeControl "5400+30"]

1. e4 c6 2. d4 d5 3. e5 Bf5 4. Nf3 e6 5. Be2 Ne7 6. Nbd2 {[%emt 0:00:14] B12: Caro-Kann: Advance Variation.} Nd7 7. Nb3 h6 8. O-O {[%emt 0:02:21] White has an edge.} g5 {[%emt 0:02:57] 8...g5 is better than 8...Bh7.} 9. Ne1 c5 10. dxc5 Nc6 11. Bd3 Nxc5 ({Don't do} 11... Ndxe5 12. Bxf5 exf5 13. f4 $16) 12. Bxf5 exf5 13. Nxc5 Bxc5 14. Nd3 Bb6 {[%emt 0:02:22] [#]} 15. c3 $146 (15. Rb1 $11) ({Predecessor:} 15. Qh5 Nd4 16. e6 Nxe6 17. Re1 Qf6 18. Bxg5 Qxg5 19. Rxe6+ Kf8 20. Qxg5 hxg5 21. Re5 {0-1 Aitbayev,A (2421)-Tsydypov,Z (2534) Speed Chess Q1 blitz 2022 (6)}) 15... Qd7 $1 $15 16. a4 Rc8 $2 {[%emt 0:07:49] [#] This move loses the game for Black.} (16... O-O-O $11) 17. Qh5 $1 $18 {[%emt 0:10:44][%cal Oe5e6] e6! is the strong threat.} Ke7 18. b4 a6 (18... Qe6 {was called for.} 19. a5 Bc7) 19. Rb1 Qe6 20. b5 {[%emt 0:09:00] White is clearly winning.} Na5 21. bxa6 bxa6 22. Ba3+ Kd8 {[%emt 0:09:51] [#]} 23. Rxb6 $1 {[%emt 0:04:17][%mdl 576] Deflection} Qxb6 24. Qxf7 Rxc3 {[%emt 0:07:57] [#]} 25. e6 $1 Kc8 26. Bb2 {[%emt 0:00:06][%mdl 64] Skewer} d4 27. Bxc3 dxc3 28. Qd7+ $2 {[%emt 0:00:32] A cool game by Karp.   Weighted Error Value: White=0.08 (flawless) /Black=0.54} (28. e7 $18 {is more deadly.} Qc6 29. Qf8+ Qe8 30. Qxf5+ Qd7 31. Qf6) 1-0